 Dungeon Crawl Stone Soup version 0.24-a0-779-g36f0aeb843 (webtiles) character file.

Game seed: 15788650040859983707, levelgen mode: deterministic

4138 Kohma the Spear-Bearer (level 10, -6/70 HPs)
             Began as a Formicid Fighter on Oct 8, 2019.
             Was a High Priest of Okawaru.
             Mangled by a manticore (9 damage)
             ... on level 9 of the Dungeon.
             The game lasted 00:28:00 (8622 turns).

Kohma the Spear-Bearer (Formicid Fighter)           Turns: 8622, Time: 00:28:00

Health: -6/70      AC: 16    Str: 24    XL:     10   Next: 52%
Magic:  3/10       EV: 11    Int:  8    God:    Okawaru [*****.]
Gold:   45         SH: 18    Dex: 13    Spells: 9/9 levels left

rFire    . . .     SeeInvis +   y - +0 halberd
rCold    + . .     Gourm    .   g - +0 large shield
rNeg     . . .     Faith    .   x - +0 chain mail {rC+}
rPois    .         Spirit   .   (helmet unavailable)
rElec    .         Reflect  .   u - +2 cloak
rCorr    .         Harm     .   v - +0 pair of gloves (curse)
MR       +....                  q - +1 pair of boots
Stlth    ..........             (no amulet)
HPRegen  0.21/turn              n - +5 ring of evasion
MPRegen  0.12/turn              w - +3 ring of dexterity

@: no status effects
A: permanent stasis, dig shafts and tunnels, four strong arms, antennae 3
a: Dig, Shaft Self, Heroism, Finesse, Renounce Religion


You were on level 9 of the Dungeon.
You worshipped Okawaru.
Okawaru was extremely pleased with you.
You were not hungry.

You visited 2 branches of the dungeon, and saw 10 of its levels.

You collected 504 gold pieces.
You spent 459 gold pieces at shops.

Inventory:

Hand Weapons
 b - a +1 spear of venom
 y - a +0 halberd (weapon)
Missiles
 e - 268 stones
 h - 15 poisoned darts (quivered)
Armour
 g - a +0 large shield (worn)
 q - a +1 pair of boots (worn)
 u - a +2 cloak (worn)
 v - a cursed +0 pair of gloves (worn)
 x - a +0 chain mail of cold resistance (worn)
Jewellery
 n - a +5 ring of evasion (left hand)
 o - an uncursed ring of resist corrosion
 w - a +3 ring of dexterity (right hand)
Wands
 i - a wand of paralysis (8)
 p - a wand of polymorph (4)
 t - a wand of disintegration (9)
Scrolls
 k - a scroll of identify
 l - 5 scrolls of remove curse
 m - 2 scrolls of magic mapping
Potions
 c - 3 potions of curing
 d - 2 potions of cancellation
 j - a potion of heal wounds
 r - 2 potions of mutation
 s - a potion of agility
 z - 2 potions of brilliance {unknown}
Comestibles
 a - 9 chunks of flesh
 f - 11 rations


   Skills:
 - Level 3.2 Fighting
 * Level 11.3 Polearms
 - Level 6.0 Armour
 + Level 10.2 Shields


You had 9 spell levels left.
You didn't know any spells.
Your spell library contained the following spells:

 Spells                   Type           Power        Failure   Level  Hunger
 Beastly Appendage        Tmut           #.....       100%        1    ##.....
 Sticks to Snakes         Tmut           #.......     100%        2    ###....
 Spider Form              Tmut/Pois      #.........   100%        3    ####...
 Ice Form                 Ice/Tmut       #.......     100%        4    #####..
 Blade Hands              Tmut           #.........   100%        5    ######.


Dungeon Overview and Level Annotations

Branches:
Dungeon (9/15)             Temple (1/1) D:5
   Lair: D:8-11         Orc: D:9-12

Altars:
Ashenzari
Cheibriados
Dithmenos
Elyvilon
Fedhas
Gozag
Hepliaklqana
Kikubaaqudgha
Makhleb
Nemelex Xobeh
Okawaru
Qazlal
Ru
Sif Muna
Trog
Uskayaw
Vehumet
Wu Jian
Xom
Yredelemnul
Zin
The Shining One

Shops:
D:6 [   D:8 !


Innate Abilities, Weirdness & Mutations

You cannot be hasted, slowed, berserked, paralysed or teleported.
You can dig through walls and to a lower floor.
Your four strong arms can wield two-handed weapons with a shield.
You have a pair of large antennae on your head. (SInv)


Message History

The hippogriff pecks you but does no damage.
The hippogriff claws you.
* * * LOW HITPOINT WARNING * * *
The hound skeleton bites you but does no damage.
You block the manticore's attack. The manticore claws you!
* * * LOW HITPOINT WARNING * * *
The manticore claws you but does no damage.
You feel much better.
The hound skeleton completely misses you.
You block the hippogriff's attack. x2
The hippogriff claws you but does no damage.
You block the manticore's attack. The manticore barely misses you. x2
You hit the manticore.
The manticore is almost dead.
The hound skeleton closely misses you. The hippogriff barely misses you.
The hippogriff pecks you but does no damage.
The hippogriff barely misses you. The manticore bites you!
* * * LOW HITPOINT WARNING * * *
You block the manticore's attack. The manticore claws you!
You die...

#.#.# # #...# #
#######...# ###
#.......#'###.#
#.##....#.....# #
#+##.......#######
#.##.########......#
#..Z..#>....+......#
#..H@.......#......#
#####H#####........#
#..##..# #......#.+
#))##..#........#
#..# .#........#
..##.. #........#
#H. ..# ..##...#+#
#.## ##..#.. ...# #.
..#. ...#


You could see a manticore, a hippogriff and a hound skeleton.

Vanquished Creatures
  A two-headed ogre (D:9)
  Maurice (D:8)
  Sigmund (D:6)
  2 water moccasins
  An eye of draining (D:9)
  3 orc warriors
  2 ice beasts (D:9)
  A phantom (D:9)
  3 ogres
  2 centaurs
  5 bullfrogs
  A big kobold (D:4)
  A scorpion (D:9)
  A wyvern skeleton (D:7)
  A water moccasin skeleton (D:5)
  3 crimson imps
  A centaur zombie (D:7)
  A hound (D:5)
  A centaur skeleton (D:8)
  A jelly (D:8)
  6 orc priests
  4 iguanas
  Natasha (thrice) (D:3)
  A bullfrog skeleton (D:7)
  7 orc wizards
  6 worker ants
  A howler monkey zombie (D:6)
  4 adders
  8 gnolls
  A shadow imp (D:9)
  3 oozes
  3 adder skeletons
  A worm (D:3)
  3 dart slugs
  2 leopard geckos
  26 orcs
  3 giant cockroaches
  27 goblins
  33 hobgoblins
  13 jackals
  11 kobolds
  4 quokkas
  A ball python (D:1)
  3 bats
  4 frilled lizards
  A leopard gecko zombie (D:5)
  2 rats
214 creatures vanquished.

Notes
Turn   | Place    | Note
-------+----------+-------------------------------------------
     0 | D:1      | Kohma the Formicid Fighter began the quest for the Orb.
     0 | D:1      | Reached XP level 1. HP: 18/18 MP: 1/1
   266 | D:1      | Reached XP level 2. HP: 24/24 MP: 2/2
   643 | D:1      | Reached XP level 3. HP: 25/29 MP: 3/3
  1298 | D:2      | Found an iron altar of Okawaru.
  1310 | D:2      | Became a worshipper of Warmaster Okawaru
  1535 | D:2      | Reached skill level 3 in Polearms
  1728 | D:3      | Noticed Natasha
  1738 | D:3      | Killed Natasha
  1738 | D:3      | Reached XP level 4. HP: 13/35 MP: 4/4
  1964 | D:3      | Noticed Natasha
  1992 | D:3      | Killed Natasha
  1992 | D:3      | Reached XP level 5. HP: 40/41 MP: 5/5
  2149 | D:3      | Noticed Natasha
  2164 | D:3      | Killed Natasha
  2513 | D:3      | Found a hide-covered altar of Uskayaw.
  2513 | D:3      | Found a glowing golden altar of the Shining One.
  2514 | D:3      | Found a glowing silver altar of Zin.
  2802 | D:4      | Found an iron altar of Okawaru.
  2889 | D:4      | Reached skill level 4 in Polearms
  2922 | D:4      | Noticed an ogre
  2929 | D:4      | Killed an ogre
  2929 | D:4      | Reached * piety under Okawaru
  2929 | D:4      | Reached XP level 6. HP: 31/47 MP: 6/6
  2931 | D:4      | Found a sacrificial altar of Ru.
  3096 | D:4      | Reached skill level 5 in Armour
  3185 | D:4      | Reached skill level 5 in Shields
  3190 | D:4      | Got a steaming dagger
  3194 | D:4      | Identified the cursed +1 dagger of Lies {vamp, rPois} (You
                  | found it on level 4 of the Dungeon)
  3573 | D:4      | Reached XP level 7. HP: 30/52 MP: 7/7
  4087 | D:4      | Reached skill level 5 in Polearms
  4766 | D:5      | Entered Level 5 of the Dungeon
  4804 | D:5      | Reached ** piety under Okawaru
  4819 | D:5      | Reached XP level 8. HP: 58/58 MP: 8/8
  4854 | D:5      | Reached skill level 6 in Polearms
  5334 | D:5      | Found a snail-covered altar of Cheibriados.
  5470 | D:5      | Found an ancient bone altar of Kikubaaqudgha.
  5615 | D:5      | Found a staircase to the Ecumenical Temple.
  5624 | Temple   | Entered the Ecumenical Temple
  6076 | D:6      | Found a shattered altar of Ashenzari.
  6084 | D:6      | Saw a vision of the Shoals and the Spider Nest.
  6084 | D:6      | Noticed a wolf spider
  6084 | D:6      | Noticed a wolf spider
  6084 | D:6      | Noticed a redback
  6084 | D:6      | Noticed a redback
  6084 | D:6      | Noticed a merfolk
  6084 | D:6      | Noticed a hippogriff
  6084 | D:6      | Noticed a hippogriff
  6084 | D:6      | Noticed a merfolk siren
  6084 | D:6      | Noticed a merfolk
  6084 | D:6      | Noticed a merfolk siren
  6084 | D:6      | Noticed a merfolk
  6085 | D:6      | Noticed a redback
  6101 | D:6      | Noticed Sigmund
  6117 | D:6      | Reached skill level 7 in Polearms
  6130 | D:6      | Killed Sigmund
  6130 | D:6      | Reached *** piety under Okawaru
  6335 | D:6      | Found a white marble altar of Elyvilon.
  6363 | D:6      | Reached XP level 9. HP: 64/64 MP: 9/9
  6370 | D:6      | Found Qaezid's Antique Armour Shoppe.
  6378 | D:6      | Bought a pair of embroidered gloves for 210 gold pieces
  6524 | D:7      | Reached skill level 8 in Polearms
  6675 | D:7      | HP: 1/64 [water moccasin (8)]
  7038 | D:6      | Bought a pair of runed boots for 210 gold pieces
  7214 | D:7      | Reached skill level 9 in Polearms
  7275 | D:7      | Reached **** piety under Okawaru
  7558 | D:7      | Found a shadowy altar of Dithmenos.
  7558 | D:7      | Found a snail-covered altar of Cheibriados.
  7745 | D:8      | Found Vogh's Distillery.
  7787 | D:8      | Bought a potion of curing for 39 gold pieces
  7796 | D:8      | Noticed Maurice
  7824 | D:8      | Killed Maurice
  8087 | D:8      | Reached skill level 10 in Polearms
  8118 | D:8      | Reached XP level 10. HP: 70/70 MP: 10/10
  8550 | D:9      | Noticed a two-headed ogre
  8559 | D:9      | Killed a two-headed ogre
  8559 | D:9      | Reached ***** piety under Okawaru
  8559 | D:9      | Reached skill level 11 in Polearms
  8559 | D:9      | Reached skill level 10 in Shields
  8602 | D:9      | Noticed a manticore
  8622 | D:9      | HP: 3/70 [manticore (17)]
  8622 | D:9      | Mangled by a manticore

Levels and vault maps discovered:
D:1:      evilmike_arrival_rings, layout_basic, kennysheep_boxes
D:2:      layout_basic, okawaru_metal_pillars_1_2
D:3:      layout_basic, gammafunk_temple_overflow_forgotten,
          minmay_misc_feat_plants, uniq_natasha
D:4:      minmay_goblin_kobold_castle, layout_loops_ring, lemuel_doored_altar,
          nicolae_ru_awakened_eye
D:5:      layout_basic, lemuel_crystal_altar, lemuel_temple_firewalk_b,
          basic_altar, first_ration
D:6:      layout_basic, elyvilon_altar_3, serial_shops, shop,
          grunt_ashenzari_visionary [grunt_ashenzari_visionary_shoals,
          grunt_ashenzari_visionary_spider], uniq_sigmund
D:7:      layout_cave_pools, gammafunk_temple_overflow_elements
D:8:      layout_rooms, serial_shops, nicolae_shop_waterfront, uniq_maurice
D:9:      minmay_the_grid_plus [minmay_the_grid_square_x,
          minmay_the_grid_minigrid_medium, minmay_the_grid_x,
          minmay_the_grid_outer_diamond, minmay_the_grid_prize_four_corners],
          layout_stronghold, dpeg_oklobed_lair
Temple:   eino_narrow_crystal_temple

Skill      XL: |  1  2  3  4  5  6  7  8  9 10 |
---------------+-------------------------------+-----
Shields        | 4 5 7 9 10 | 10.2
Polearms       | 3 4 5 7 10 11 | 11.3
Armour         | 4 5 6 |  6.0
Fighting       | |  3.2

Action                   |  1- 3 |  4- 6 |  7- 9 | 10-12 || total
-------------------------+-------+-------+-------+-------++-------
Melee: Trident           |   128 |   118 |   120 |       ||   366
       Spear             |       |       |   283 |       ||   283
       Battleaxe         |       |       |   109 |       ||   109
       Halberd           |       |       |    67 |   120 ||   187
Throw: Dart              |       |     2 |     1 |       ||     3
Evoke: Wand              |       |       |     1 |       ||     1
  Use: Potion            |     1 |       |     2 |     1 ||     4
       Scroll            |       |     8 |     6 |     1 ||    15
 Stab: Paralysed         |       |       |     3 |       ||     3
       Invisible         |       |       |     1 |       ||     1
  Eat: Chunk             |     3 |     6 |    15 |     2 ||    26
Armor: Scale mail        |    42 |    27 |    78 |       ||   147
       Chain mail        |       |       |    40 |    40 ||    80
Dodge: Dodged            |    17 |    33 |   180 |    44 ||   274
Block: Large shield      |    84 |    95 |   486 |   111 ||   776
       Shield            |     1 |       |       |       ||     1

Table legend:
 A = Non-vault XP
 B = Vault XP
 C = Vault XP percentage of total XP
 D = Non-vault monster count
 E = Vault monster count
 F = Vault count percentage of total count
                 A         B        C        D         E       F
            +---------+---------+-------+---------+---------+-------
      Total |    3465 |    2447 |  41.4 |     152 |      62 |  29.0
            +---------+---------+-------+---------+---------+-------
        D:1 |      30 |       0 |   0.0 |      17 |       0 |   0.0
        D:2 |      21 |       0 |   0.0 |       8 |       0 |   0.0
        D:3 |     114 |      37 |  24.5 |      22 |       1 |   4.3
        D:4 |     382 |     215 |  36.0 |      18 |      51 |  73.9
        D:5 |     495 |       0 |   0.0 |      23 |       0 |   0.0
        D:6 |     783 |     231 |  22.8 |      19 |       1 |   5.0
        D:7 |     743 |       0 |   0.0 |      25 |       0 |   0.0
        D:8 |     578 |     439 |  43.2 |      12 |       1 |   7.7
        D:9 |     319 |    1525 |  82.7 |       8 |       8 |  50.0
            +---------+---------+-------+---------+---------+-------
